 Dungeon Crawl Stone Soup version 0.30-a0-305-g026cb31310 (webtiles) character file.

Game seed: 6107408596111980476

1163 sleeves the Jinx (level 8, -2/37 HPs)
             Began as a Spriggan Hexslinger on Oct 23, 2022.
             Killed by an exploding lemure (39 damage)
             ... ignited by their inner flame
             ... on level 6 of the Dungeon.
             The game lasted 00:08:02 (4841 turns).

sleeves the Jinx (Spriggan Hexslinger)              Turns: 4841, Time: 00:08:02

Health: -2/37      AC:  6    Str:  6    XL:     8   Next: 17%
Magic:  4/11       EV: 17    Int: 15    God:
Gold:   364        SH:  0    Dex: 17    Spells: 1/9 levels left

rFire   . . .      SeeInvis +    a - +1 sling
rCold   . . .      Faith    .    (no shield)
rNeg    . . .      Spirit   .    c - +0 robe
rPois   +          Reflect  .    (helmet restricted)
rElec   .          Harm     .    (no cloak)
rCorr   .          Rampage  .    (gloves unavailable)
Will    +....                    (boots unavailable)
Stlth   ++........               (no amulet)
HPRegen 0.26/turn                n - +4 ring of protection
MPRegen 0.12/turn                k - ring of poison resistance

@: very quick
A: very small, no large weapons, unfitting armour, see invisible, speed 3
a: no special abilities


You were on level 6 of the Dungeon.
You visited 1 branch of the dungeon, and saw 6 of its levels.

You collected 364 gold pieces.

Inventory:

Hand Weapons
 a - a +1 sling (weapon)
 b - a +0 dagger of venom
   (You took it off a kobold on level 1 of the Dungeon)
Armour
 c - a +0 robe (worn)
Jewellery
 k - a ring of poison resistance (right hand)
   (You found it on level 1 of the Dungeon)
 n - a +4 ring of protection (left hand)
   (You found it on level 2 of the Dungeon)
 A - a ring of positive energy
   (You found it on level 4 of the Dungeon)
Scrolls
 d - 3 scrolls of poison
 e - 7 scrolls of teleportation {unknown}
 f - 2 scrolls of enchant armour {unknown}
 g - 8 scrolls of identify {unknown}
 i - a scroll of fear {unknown}
 j - 2 scrolls of noise {unknown}
 l - 4 scrolls of vulnerability {unknown}
 t - a scroll of blinking {unknown}
 u - 2 scrolls of summoning {unknown}
 v - a scroll of magic mapping {unknown}
 w - a scroll of enchant weapon {unknown}
 x - a scroll of silence {unknown}
 y - 3 scrolls of fog {unknown}
 B - a scroll of acquirement {unknown}
Potions
 h - a potion of resistance {unknown}
 m - 2 potions of flight {unknown}
 o - a potion of heal wounds {unknown}
 p - 2 potions of berserk rage {unknown}
 q - 2 potions of curing {unknown}
 r - a potion of ambrosia {unknown}
 s - a potion of invisibility {unknown}
 z - 2 potions of brilliance {unknown}
 C - a potion of degeneration {unknown}
 D - 2 potions of magic {unknown}


   Skills:
 - Level 0.7 Fighting
 + Level 7.1 Ranged Weapons
 - Level 2.6 Dodging
 - Level 1.3 Spellcasting
 + Level 9.0 Hexes


You had one spell level left.
You knew the following spells:

 Your Spells              Type           Power      Damage    Failure   Level
a - Slow                  Hex            100%       N/A       1%          1
b - Cause Fear            Hex            14%        N/A       6%          4
c - Inner Flame           Hex/Fire       14%        N/A       11%         3

Your spell library contained the following spells:

 Spells                   Type           Power      Damage    Failure   Level
 Necrotise                Necr           4%         1d4       24%         1
 Dazzling Flash           Conj/Hex       28%        N/A       11%         3
 Portal Projectile        Hex/Tloc       28%        N/A       11%         3
 Sublimation of Blood     Necr           1%         N/A       34%         2
 Wereblood                Tmut           1%         N/A       34%         2
 Vampiric Draining        Necr           1%         2d6       56%         3
 Iskenderun's Mystic Bla  Conj/Tloc      1%         2d3       93%         4
 Agony                    Necr           1%         N/A       100%        5
 Alistair's Intoxication  Tmut/Pois      0%         N/A       100%        5
 Borgnjor's Vile Clutch   Necr/Erth      0%         N/A       100%        5
 Eringya's Noxious Bog    Tmut/Pois      0%         N/A       100%        6
 Starburst                Conj/Fire      0%         6d3       100%        6
 Summon Hydra             Summ           0%         N/A       100%        7


Dungeon Overview and Level Annotations

Branches:
Dungeon (6/15)
 Temple: D:4-7

Altars:
Ashenzari
Dithmenos
Kikubaaqudgha
Trog
Uskayaw

Shops:
D:2 (   D:3 (

Annotations:
D:6 Eustachio


Innate Abilities, Weirdness & Mutations

You are very small and have problems with some larger weapons.
You are too small for most types of armour.
You have supernaturally acute eyesight. (SInv)
You cover ground extremely quickly. (Speed+++)


Message History

There is an open door here.
You open the door.
There is an open door here.
There is a stone staircase leading down here.
You climb downwards.
There is a stone staircase leading up here.
C - a lumpy purple potion
g - 6 scrolls labelled WAXUAK XOITYWK (gained 1)
An adder comes into view.
You shoot a sling bullet. The sling bullet hits the adder.
The adder hisses angrily.
The adder is moderately wounded.
You shoot a sling bullet. The sling bullet hits the adder!
The adder is almost dead.
You shoot a sling bullet.
The sling bullet barely misses the adder.
You shoot a sling bullet. The sling bullet hits the adder.
You kill the adder!
y - 3 scrolls labelled RUMECL GYCK (gained 1)
z - 2 dark potions (gained 1)
Found a stone staircase leading down.
An iguana and an orc wizard come into view.
Found a scroll labelled PECYES FOTI.
The iguana hisses angrily.
You hear a shout!
There are monsters nearby!
You shoot a sling bullet. The orc wizard shouts!
The sling bullet hits the iguana but does no damage.
An orc comes into view. It is wielding a +0 mace.
You shoot a sling bullet.
The sling bullet hits the iguana but does no damage.
You shoot a sling bullet. The sling bullet hits the iguana.
The iguana is lightly wounded.
You shoot a sling bullet.
The sling bullet closely misses the iguana.
The sling bullet barely misses the orc.
The orc wizard mumbles some strange words.
The orc wizard flickers and vanishes for a moment.
An orc comes into view. It is wielding a +0 club.
Casting: Slow (safe; 1% risk of failure)
Confirm with . or Enter, or press ? or * to list all spells.
Aiming: Slow (safe; 1% risk of failure)
Press: ? - help, Shift-Dir - straight line, f/p - iguana
Aim: an iguana (lightly wounded, chance to affect: 64%)
The iguana struggles to resist.
The orc shouts!
You hear a shout!
Casting: Slow (safe; 1% risk of failure)
Confirm with . or Enter, or press ? or * to list all spells.
Aiming: Slow (safe; 1% risk of failure)
Press: ? - help, Shift-Dir - straight line, f/p - iguana
Aim: an iguana (lightly wounded, chance to affect: 64%)
The iguana seems to slow down.
Fire: a) +1 sling
Press: ? - help, Q - select action, (/) - cycle Shift-Dir - straight line, f/p - iguana
Aim: an iguana (lightly wounded, slow, 65% to hit)
You shoot a sling bullet. The sling bullet hits the iguana.
The iguana is heavily wounded.
Fire: a) +1 sling
Press: ? - help, Q - select action, (/) - cycle Shift-Dir - straight line, f/p - iguana
Aim: an iguana (heavily wounded, slow, 65% to hit)
You shoot a sling bullet. The sling bullet hits the iguana.
The iguana is almost dead.
Fire: a) +1 sling
Press: ? - help, Q - select action, (/) - cycle Shift-Dir - straight line, f/p - iguana
Aim: an iguana (almost dead, slow, 65% to hit)
You shoot a sling bullet.
The sling bullet hits the iguana but does no damage.
The iguana is almost dead.
Fire: a) +1 sling
Press: ? - help, Q - select action, (/) - cycle Shift-Dir - straight line, f/p - iguana
Aim: an iguana (almost dead, slow, 65% to hit)
You shoot a sling bullet. The sling bullet hits the iguana.
You kill the iguana!
Your Hexes skill increases to level 8!
Fire: a) +1 sling
Press: ? - help, Q - select action, (/) - cycle Shift-Dir - straight line, f - orc wizard
Aim: an orc wizard, wielding a +0 dagger and wearing a +0 robe (slightly transparent, 55% to hit)
You shoot a sling bullet.
The sling bullet closely misses the orc wizard.
The sling bullet barely misses the orc.
Fire: a) +1 sling
Press: ? - help, Q - select action, (/) - cycle Shift-Dir - straight line, f/p - orc wizard
Aim: an orc wizard, wielding a +0 dagger and wearing a +0 robe (slightly transparent, 55% to hit)
You shoot a sling bullet.
The sling bullet closely misses the orc wizard.
The sling bullet hits the orc.
The orc is lightly wounded.
The orc wizard misses you.
Casting: Slow (safe; 1% risk of failure)
Confirm with . or Enter, or press ? or * to list all spells.
Aiming: Slow (safe; 1% risk of failure)
Press: ? - help, Shift-Dir - straight line, f/p - orc wizard
Aim: an orc wizard, wielding a +0 dagger and wearing a +0 robe (slightly transparent, chance to affect: 56%)
The orc wizard resists with significant effort.
The orc wizard barely misses you.
Casting: Slow (safe; 1% risk of failure)
Confirm with . or Enter, or press ? or * to list all spells.
Aiming: Slow (safe; 1% risk of failure)
Press: ? - help, Shift-Dir - straight line, f/p - orc wizard
Aim: an orc wizard, wielding a +0 dagger and wearing a +0 robe (slightly transparent, chance to affect: 56%)
The orc wizard resists with significant effort.
Casting: Slow (safe; 1% risk of failure)
Confirm with . or Enter, or press ? or * to list all spells.
Aiming: Slow (safe; 1% risk of failure)
Press: ? - help, Shift-Dir - straight line, f/p - orc wizard
Aim: an orc wizard, wielding a +0 dagger and wearing a +0 robe (slightly transparent, chance to affect: 56%)
The orc wizard seems to slow down.
The orc wizard gestures at you while chanting.
You resist with almost no effort.
The white imp shouts, "Slither hence, thou mewling ill-nurtured barnacle!"
Fire: a) +1 sling
Press: ? - help, Q - select action, (/) - cycle Shift-Dir - straight line, f - orc
Aim: an orc, wielding a +0 mace (62% to hit)
You shoot a sling bullet.
The sling bullet closely misses the orc.
Fire: a) +1 sling
Press: ? - help, Q - select action, (/) - cycle Shift-Dir - straight line, f/p - orc
Aim: an orc, wielding a +0 mace (62% to hit)
You shoot a sling bullet. The sling bullet hits the orc.
The orc is moderately wounded.
Fire: a) +1 sling
Press: ? - help, Q - select action, (/) - cycle Shift-Dir - straight line, f/p - orc
Aim: an orc, wielding a +0 mace (moderately wounded, 62% to hit)
You shoot a sling bullet. The sling bullet hits the orc.
The orc is almost dead.
Fire: a) +1 sling
Press: ? - help, Q - select action, (/) - cycle Shift-Dir - straight line, f/p - orc
Aim: an orc, wielding a +0 mace (almost dead, 62% to hit)
You shoot a sling bullet. The sling bullet hits the orc.
You kill the orc!
The white imp gestures at you.
The puff of frost hits you but does no damage.
Fire: a) +1 sling
Press: ? - help, Q - select action, (/) - cycle Shift-Dir - straight line, f - orc
Aim: an orc, wielding a +0 club and wearing a +0 ring mail (65% to hit)
You shoot a sling bullet.
The sling bullet closely misses the orc.
The sling bullet barely misses the orc wizard.
Fire: a) +1 sling
Press: ? - help, Q - select action, (/) - cycle Shift-Dir - straight line, f/p - orc
Aim: an orc, wielding a +0 club and wearing a +0 ring mail (65% to hit)
You shoot a sling bullet. The sling bullet hits the orc.
The orc is moderately wounded.
Fire: a) +1 sling
Press: ? - help, Q - select action, (/) - cycle Shift-Dir - straight line, f/p - orc
Aim: an orc, wielding a +0 club and wearing a +0 ring mail (lightly wounded, 65% to hit)
You shoot a sling bullet. The sling bullet hits the orc.
The orc is moderately wounded.
Fire: a) +1 sling
Press: ? - help, Q - select action, (/) - cycle Shift-Dir - straight line, f/p - orc
Aim: an orc, wielding a +0 club and wearing a +0 ring mail (moderately wounded, 65% to hit)
You shoot a sling bullet. The sling bullet hits the orc.
The orc is heavily wounded.
Fire: a) +1 sling
Press: ? - help, Q - select action, (/) - cycle Shift-Dir - straight line, f/p - orc
Aim: an orc, wielding a +0 club and wearing a +0 ring mail (heavily wounded, 65% to hit)
You shoot a sling bullet. The sling bullet hits the orc.
You kill the orc!
Fire: a) +1 sling
Press: ? - help, Q - select action, (/) - cycle Shift-Dir - straight line, f - white imp
Aim: a white imp (62% to hit)
You shoot a sling bullet. The sling bullet hits the white imp.
The white imp is moderately wounded.
Casting: Slow (safe; 1% risk of failure)
Confirm with . or Enter, or press ? or * to list all spells.
Aiming: Slow (safe; 1% risk of failure)
Press: ? - help, Shift-Dir - straight line, f/p - white imp
Aim: a white imp (moderately wounded, chance to affect: 65%)
The white imp seems to slow down.
Fire: a) +1 sling
Press: ? - help, Q - select action, (/) - cycle Shift-Dir - straight line, f/p - white imp
Aim: a white imp (moderately wounded, slow, 62% to hit)
You shoot a sling bullet. The sling bullet hits the white imp.
The white imp is severely wounded.
Fire: a) +1 sling
Press: ? - help, Q - select action, (/) - cycle Shift-Dir - straight line, f/p - white imp
Aim: a white imp (severely wounded, slow, 62% to hit)
You shoot a sling bullet. The sling bullet hits the white imp.
You kill the white imp!
Fire: a) +1 sling
Press: ? - help, Q - select action, (/) - cycle Shift-Dir - straight line, f - orc wizard
Aim: an orc wizard, wielding a +0 dagger and wearing a +0 robe (55% to hit)
You shoot a sling bullet. The sling bullet hits the orc wizard.
The orc wizard is moderately wounded.
Fire: a) +1 sling
Press: ? - help, Q - select action, (/) - cycle Shift-Dir - straight line, f/p - orc wizard
Aim: an orc wizard, wielding a +0 dagger and wearing a +0 robe (moderately wounded, 55% to hit)
You shoot a sling bullet. The sling bullet hits the orc wizard.
The orc wizard is heavily wounded.
Casting: Slow (safe; 1% risk of failure)
Confirm with . or Enter, or press ? or * to list all spells.
You don't know that spell.
Casting: Slow (safe; 1% risk of failure)
Confirm with . or Enter, or press ? or * to list all spells.
Aiming: Slow (safe; 1% risk of failure)
Press: ? - help, Shift-Dir - straight line, f/p - orc wizard
Aim: an orc wizard, wielding a +0 dagger and wearing a +0 robe (heavily wounded, chance to affect: 56%)
The orc wizard seems to slow down.
The orc wizard mumbles some strange words.
The orc wizard flickers and vanishes for a moment.
Fire: a) +1 sling
Press: ? - help, Q - select action, (/) - cycle Shift-Dir - straight line, f/p - orc wizard
Aim: an orc wizard, wielding a +0 dagger and wearing a +0 robe (heavily wounded, slightly transparent, slow, 55% to hit)
You shoot a sling bullet. The sling bullet hits the orc wizard.
The orc wizard is severely wounded.
Fire: a) +1 sling
Press: ? - help, Q - select action, (/) - cycle Shift-Dir - straight line, f/p - orc wizard
Aim: an orc wizard, wielding a +0 dagger and wearing a +0 robe (severely wounded, slightly transparent, slow, 55% to hit)
You shoot a sling bullet.
The sling bullet closely misses the orc wizard.
Fire: a) +1 sling
Press: ? - help, Q - select action, (/) - cycle Shift-Dir - straight line, f/p - orc wizard
Aim: an orc wizard, wielding a +0 dagger and wearing a +0 robe (severely wounded, slightly transparent, slow, 55% to hit)
You shoot a sling bullet. The sling bullet hits the orc wizard!
You kill the orc wizard!
Fire: a) +1 sling
Press: ? - help, Q - select action, (/) - cycle Shift-Dir - straight line, f - you Really target yourself?
Okay, then.
Magic restored.
An orc wizard comes into view. It is wielding a +0 dagger.
An orc comes into view. It is wielding a +0 short sword.
The orc wizard moves out of view.
An orc is nearby!
An orc is nearby!
You shoot a sling bullet. The orc shouts!
The sling bullet hits the orc.
The orc is lightly wounded.
You shoot a sling bullet. The sling bullet barely misses the orc.
The orc wizard shouts!
You shoot a sling bullet. The sling bullet barely misses the orc.
Fire: a) +1 sling
Press: ? - help, Q - select action, (/) - cycle Shift-Dir - straight line, f - you Really target yourself?
Okay, then.
Fire: a) +1 sling
Press: ? - help, Q - select action, (/) - cycle Shift-Dir - straight line You shoot a sling bullet.
Fire: a) +1 sling
Press: ? - help, Q - select action, (/) - cycle Shift-Dir - straight line, f - orc wizard
Aim: an orc wizard, wielding a +0 dagger and wearing a +0 robe (55% to hit)
You shoot a sling bullet.
The sling bullet closely misses the orc wizard.
Fire: a) +1 sling
Press: ? - help, Q - select action, (/) - cycle Shift-Dir - straight line, f/p - orc wizard
Aim: an orc wizard, wielding a +0 dagger and wearing a +0 robe (55% to hit)
You shoot a sling bullet.
The sling bullet hits the orc wizard but does no damage.
Casting: Slow (safe; 1% risk of failure)
Confirm with . or Enter, or press ? or * to list all spells.
Aiming: Slow (safe; 1% risk of failure)
Press: ? - help, Shift-Dir - straight line, f/p - orc wizard
Aim: an orc wizard, wielding a +0 dagger and wearing a +0 robe (chance to affect: 56%)
The orc wizard seems to slow down.
Fire: a) +1 sling
Press: ? - help, Q - select action, (/) - cycle Shift-Dir - straight line, f/p - orc wizard
Aim: an orc wizard, wielding a +0 dagger and wearing a +0 robe (slow, 55% to hit)
You shoot a sling bullet. The sling bullet hits the orc wizard!
The orc wizard is heavily wounded.
Fire: a) +1 sling
Press: ? - help, Q - select action, (/) - cycle Shift-Dir - straight line, f/p - orc wizard
Aim: an orc wizard, wielding a +0 dagger and wearing a +0 robe (heavily wounded, slow, 55% to hit)
You shoot a sling bullet.
The sling bullet barely misses the orc wizard.
The sling bullet hits the orc.
The orc is severely wounded.
Fire: a) +1 sling
Press: ? - help, Q - select action, (/) - cycle Shift-Dir - straight line, f/p - orc wizard
Aim: an orc wizard, wielding a +0 dagger and wearing a +0 robe (heavily wounded, slow, 55% to hit)
You shoot a sling bullet.
The sling bullet hits the orc wizard but does no damage.
The orc wizard is heavily wounded.
Fire: a) +1 sling
Press: ? - help, Q - select action, (/) - cycle Shift-Dir - straight line, f/p - orc wizard
Aim: an orc wizard, wielding a +0 dagger and wearing a +0 robe (heavily wounded, slow, 55% to hit)
You shoot a sling bullet.
The sling bullet barely misses the orc wizard.
The sling bullet hits the orc.
You kill the orc!
Fire: a) +1 sling
Press: ? - help, Q - select action, (/) - cycle Shift-Dir - straight line, f/p - orc wizard
Aim: an orc wizard, wielding a +0 dagger and wearing a +0 robe (heavily wounded, slow, 55% to hit)
You shoot a sling bullet. The sling bullet hits the orc wizard!
You kill the orc wizard!
Fire: a) +1 sling
Press: ? - help, Q - select action, (/) - cycle Shift-Dir - straight line, f - you Really target yourself?
Okay, then.
Things that are here:
a +0 dagger; a +0 robe; an orc corpse
Things that are here:
a +0 short sword; an orc corpse
u - 2 scrolls labelled PECYES FOTI (gained 1)
You now have 264 gold pieces (gained 11).
A white imp comes into view.
The white imp shouts!
A white imp is nearby!
A white imp is nearby!
A white imp is nearby!
You shoot a sling bullet.
The sling bullet closely misses the white imp.
You shoot a sling bullet. The sling bullet hits the white imp.
The white imp is heavily wounded.
The white imp gestures at you. The puff of frost hits you!
You shoot a sling bullet. The sling bullet hits the white imp!
You kill the white imp!
No target in view!
HP restored.
An iguana comes into view.
The iguana hisses angrily.
You see here 2 bubbling golden potions.
An iguana is nearby!
An iguana is nearby!
An iguana is nearby!
You shoot a sling bullet. The sling bullet hits the iguana!
The iguana is heavily wounded.
You shoot a sling bullet.
The sling bullet barely misses the iguana.
You shoot a sling bullet.
The sling bullet closely misses the iguana.
You shoot a sling bullet. The sling bullet hits the iguana!
The iguana is almost dead.
You shoot a sling bullet.
The sling bullet hits the iguana but does no damage.
The iguana is almost dead.
You shoot a sling bullet. The sling bullet hits the iguana!
You kill the iguana!
D - 2 bubbling golden potions
Found a sling.
An orc comes into view. It is wielding a +0 club.
You shoot a sling bullet. The orc shouts!
The sling bullet hits the orc!
You kill the orc!
You hear a shout! x2
No target in view!
You see here a +0 sling.
An orc comes into view.
It is wielding a +2 short sword of draining.
The orc shouts!
There are monsters nearby!
There are monsters nearby!
You shoot a sling bullet. The sling bullet barely misses the orc.
The orc shouts!
You shoot a sling bullet.
The sling bullet closely misses the orc.
The sling bullet hits the orc but does no damage.
You see here a +0 sling.
You shoot a sling bullet.
The sling bullet hits the orc but does no damage.
You shoot a sling bullet. The sling bullet hits the orc.
You kill the orc!
The orc wizard mumbles some strange words.
The orc wizard flickers and vanishes for a moment.
You shoot a sling bullet. The sling bullet hits the orc.
The orc is severely wounded.
You shoot a sling bullet. The sling bullet barely misses the orc.
The sling bullet hits the orc wizard.
The orc wizard is moderately wounded.
You shoot a sling bullet.
The sling bullet hits the orc but does no damage.
The orc is severely wounded.
You shoot a sling bullet.
The sling bullet hits the orc but does no damage.
The orc is severely wounded.
You shoot a sling bullet. The sling bullet barely misses the orc.
You shoot a sling bullet.
The sling bullet closely misses the orc.
The sling bullet hits the orc wizard!
The orc wizard is severely wounded.
You shoot a sling bullet.
The sling bullet hits the orc but does no damage.
The orc is heavily wounded.
You shoot a sling bullet.
The sling bullet hits the orc but does no damage.
The orc is heavily wounded.
The orc hits you but does no damage.
You shoot a sling bullet.
The sling bullet completely misses the orc.
The sling bullet barely misses the orc wizard.
The orc barely misses you.
You shoot a sling bullet.
The sling bullet hits the orc wizard but does no damage.
The orc wizard is severely wounded.
The orc wizard barely misses you.
You shoot a sling bullet. The sling bullet hits the orc wizard.
The orc wizard is almost dead.
The orc wizard hits you but does no damage.
You shoot a sling bullet. The sling bullet hits the orc wizard.
The orc wizard is almost dead.
The orc wizard closely misses you.
You shoot a sling bullet. The sling bullet hits the orc wizard.
You kill the orc wizard!
You shoot a sling bullet. The sling bullet barely misses the orc.
The orc closely misses you.
You shoot a sling bullet.
The sling bullet closely misses the orc.
The orc closely misses you.
You shoot a sling bullet. The sling bullet hits the orc.
The orc is severely wounded.
The orc barely misses you.
You shoot a sling bullet. The sling bullet barely misses the orc.
The orc closely misses you.
You shoot a sling bullet. The sling bullet hits the orc.
You kill the orc!
No target in view!
No target in view!
Items here: )) [[ ††.
An ice beast comes into view.
You see here a +0 sling.
An ice beast is nearby!
An ice beast is nearby!
An ice beast is nearby!
An ice beast is nearby!
You shoot a sling bullet.
The sling bullet barely misses the ice beast.
An ice beast is nearby!
An ice beast is nearby!
An ice beast is nearby!
You see here a +0 sling.
You shoot a sling bullet. The sling bullet hits the ice beast.
The ice beast is moderately wounded.
You shoot a sling bullet. The sling bullet hits the ice beast.
The ice beast is moderately wounded.
Casting: Slow (safe; 1% risk of failure)
Confirm with . or Enter, or press ? or * to list all spells.
Aiming: Slow (safe; 1% risk of failure)
Press: ? - help, Shift-Dir - straight line, f/p - ice beast
Aim: an ice beast (moderately wounded, chance to affect: 56%)
The ice beast seems to slow down.
You shoot a sling bullet. The sling bullet hits the ice beast.
The ice beast is moderately wounded.
You shoot a sling bullet.
The sling bullet closely misses the ice beast.
Items here: )) [[ ††.
You shoot a sling bullet. The sling bullet hits the ice beast.
The ice beast is heavily wounded.
You shoot a sling bullet.
The sling bullet closely misses the ice beast.
You shoot a sling bullet.
The sling bullet hits the ice beast but does no damage.
The ice beast is heavily wounded.
You shoot a sling bullet. The sling bullet hits the ice beast.
The ice beast is heavily wounded.
You shoot a sling bullet. The sling bullet hits the ice beast!
The ice beast is severely wounded.
You shoot a sling bullet.
The sling bullet barely misses the ice beast.
You shoot a sling bullet.
The sling bullet barely misses the ice beast.
You shoot a sling bullet.
The sling bullet closely misses the ice beast.
You shoot a sling bullet. The sling bullet hits the ice beast.
The ice beast is severely wounded.
You shoot a sling bullet.
The sling bullet barely misses the ice beast.
You shoot a sling bullet. The sling bullet hits the ice beast!
You kill the ice beast!
You see here an iguana corpse.
You see here a +0 sling.
Things that are here:
a +2 short sword of draining; a +0 scale mail Key pressed, stopping explore.
An orc comes into view. It is wielding a staff of death.
An orc is nearby!
You shoot a sling bullet.
The sling bullet closely misses the orc.
The orc shouts!
You shoot a sling bullet. The sling bullet hits the orc.
The orc is almost dead.
You shoot a sling bullet. The sling bullet hits the orc.
You kill the orc!
No target in view!
You see here a staff of death.
Found a hide-covered altar of Uskayaw.
You now have 281 gold pieces (gained 17).
There is a hide-covered altar of Uskayaw here.
There is a hide-covered altar of Uskayaw here.
A hound comes into view.
You shoot a sling bullet.
The sling bullet barely misses the hound.
The hound barks!
Casting: Slow (safe; 1% risk of failure)
Confirm with . or Enter, or press ? or * to list all spells.
You don't know that spell.
Unknown command.
You shoot a sling bullet. The sling bullet hits the hound!
The hound is heavily wounded.
You shoot a sling bullet. The sling bullet hits the hound.
The hound is severely wounded.
You shoot a sling bullet. The sling bullet hits the hound.
You kill the hound!
You have reached level 8!
You see here a hound corpse.
Found a stone staircase leading down.
There is a stone staircase leading down here.
There is a stone staircase leading up here.
Found a ring mail.
Things that are here:
a +0 club; a +0 leather armour
There is a stone staircase leading up here.
Found a club.
You see here a +0 club.
Found a stone staircase leading down.
This spell is quite dangerous to cast!
Memorise Cause Fear, consuming 4 spell levels and leaving 4?
You start memorising the spell.
You continue memorising. x4
You finish memorising.
Spell assigned to 'b'.
This spell is dangerous to cast!
Memorise Inner Flame, consuming 3 spell levels and leaving 1?
You start memorising the spell.
You continue memorising. x3
You finish memorising.
Spell assigned to 'c'.
Okay, then.
An iguana comes into view.
Found a ring mail.
An iguana is nearby!
An iguana is nearby!
An iguana is nearby!
You shoot a sling bullet. The sling bullet hits the iguana.
The iguana hisses angrily.
The iguana is heavily wounded.
You shoot a sling bullet. The sling bullet hits the iguana!
The iguana is almost dead.
You shoot a sling bullet. The sling bullet hits the iguana.
You kill the iguana!
You see here a +0 ring mail.
You now have 298 gold pieces (gained 17).
An orc comes into view. It is wielding a +0 dagger.
The orc shouts!
An orc is nearby!
An orc is nearby!
You shoot a sling bullet. The sling bullet hits the orc.
The orc is lightly wounded.
You shoot a sling bullet. The sling bullet hits the orc!
You kill the orc!
No target in view!
You see here a +0 dagger.
You see here a +0 dagger.
A phantom and an adder come into view.
There are monsters nearby!
There are monsters nearby!
Casting: Slow (safe; 1% risk of failure)
Confirm with . or Enter, or press ? or * to list all spells.
Aiming: Slow (safe; 1% risk of failure)
Press: ? - help, Shift-Dir - straight line, f - phantom
Aim: a phantom (chance to affect: 38%)
The phantom seems to slow down.
You shoot a sling bullet. The sling bullet hits the phantom.
The phantom is lightly damaged.
You shoot a sling bullet.
The sling bullet hits the phantom but does no damage.
The phantom is lightly damaged.
You shoot a sling bullet.
The sling bullet closely misses the phantom.
You shoot a sling bullet. The sling bullet misses the phantom.
Casting: Slow (safe; 1% risk of failure)
Confirm with . or Enter, or press ? or * to list all spells.
You don't know that spell.
Casting: Slow (safe; 1% risk of failure)
Confirm with . or Enter, or press ? or * to list all spells.
Aiming: Inner Flame (dangerous; 12% risk of failure)
Press: ? - help, Dir - move target, f/p - phantom
Aim: a phantom (lightly damaged, slow, chance to affect: 50%)
The phantom resists with some effort.
Casting: Inner Flame (dangerous; 12% risk of failure)
Confirm with . or Enter, or press ? or * to list all spells.
Aiming: Inner Flame (dangerous; 12% risk of failure)
Press: ? - help, Dir - move target, f/p - phantom
Aim: a phantom (lightly damaged, slow, chance to affect: 50%)
The phantom is filled with an inner flame.
You shoot a sling bullet. The sling bullet hits the phantom.
Flame seeps out of the phantom.
The phantom is moderately damaged.
The phantom is engulfed in blazing flames.
The phantom explodes!
Your Ranged Weapons skill increases to level 7!
No target in view!
An adder is nearby!
An adder is nearby!
You shoot a sling bullet.
The sling bullet closely misses the adder.
The adder hisses angrily.
You shoot a sling bullet.
The sling bullet barely misses the adder.
You shoot a sling bullet. The sling bullet hits the adder!
The adder is severely wounded.
You shoot a sling bullet. The sling bullet hits the adder!
You kill the adder!
No target in view!
No target in view!
You see here an adder corpse.
You now have 318 gold pieces (gained 20).
g - 7 scrolls labelled WAXUAK XOITYWK (gained 1) Done exploring.
Done exploring.
Done exploring.
(D) Dungeon
Where to? (Enter - D:4 @ (x,y), ? - help)
There is a stone staircase leading down here.
You climb downwards.
Found 10 gold pieces.
There is a stone staircase leading up here.
You now have 328 gold pieces (gained 10).
Found a stone staircase leading down.
g - 8 scrolls labelled WAXUAK XOITYWK (gained 1)
You now have 345 gold pieces (gained 17).
Found a broken altar of Ashenzari.
Found a scale mail.
Eustachio the Magnificent comes into view.
He is wielding a +0 rapier.
Found 4 stones.
Eustachio shouts!
Eustachio is nearby!
Eustachio is nearby!
Eustachio is nearby!
Eustachio says, "My allies will avenge me."
Eustachio casts a spell.
Eustachio gestures wildly while chanting.
The bat misses you. The bat attacks as you move away!
The bat completely misses you. The bat misses you.
You shoot a sling bullet. The sling bullet hits the bat.
You kill the bat!
The bat's corpse disappears in a puff of smoke!
No target in view!
A quokka is nearby!
You shoot a sling bullet.
The sling bullet closely misses the quokka.
You shoot a sling bullet.
The sling bullet closely misses the quokka.
The sling bullet barely misses the iron imp.
The iron imp disappears in a puff of smoke!
You shoot a sling bullet. The sling bullet hits the quokka.
The quokka is lightly wounded.
You shoot a sling bullet. The sling bullet hits the quokka!
You kill the quokka!
The quokka's corpse disappears in a puff of smoke!
No target in view!
A bat is nearby!
You shoot a sling bullet. The sling bullet hits the bat!
You kill the bat!
The bat's corpse disappears in a puff of smoke!
Eustachio casts a spell.
Eustachio blinks!
Casting: Inner Flame (dangerous; 12% risk of failure)
Confirm with . or Enter, or press ? or * to list all spells.
Aiming: Slow (safe; 1% risk of failure)
Press: ? - help, Shift-Dir - straight line, f - Eustachio
Aim: Eustachio, wielding a +0 rapier and wearing a +0 leather armour (chance to affect: 56%) Eustachio resists with significant effort.
Casting: Slow (safe; 1% risk of failure)
Confirm with . or Enter, or press ? or * to list all spells.
Aiming: Slow (safe; 1% risk of failure)
Press: ? - help, Shift-Dir - straight line, f/p - Eustachio
Aim: Eustachio, wielding a +0 rapier and wearing a +0 leather armour (chance to affect: 56%) Eustachio resists with significant effort.
Casting: Slow (safe; 1% risk of failure)
Confirm with . or Enter, or press ? or * to list all spells.
Aiming: Slow (safe; 1% risk of failure)
Press: ? - help, Shift-Dir - straight line, f/p - Eustachio
Aim: Eustachio, wielding a +0 rapier and wearing a +0 leather armour (chance to affect: 56%) Eustachio resists with significant effort.
Casting: Slow (safe; 1% risk of failure)
Confirm with . or Enter, or press ? or * to list all spells.
Aiming: Slow (safe; 1% risk of failure)
Press: ? - help, Shift-Dir - straight line, f/p - Eustachio
Aim: Eustachio, wielding a +0 rapier and wearing a +0 leather armour (chance to affect: 56%) Eustachio resists with significant effort.
Eustachio mumbles some strange words.
There is a stone staircase leading up here.
Casting: Slow (safe; 1% risk of failure)
Confirm with . or Enter, or press ? or * to list all spells.
Aiming: Inner Flame (dangerous; 12% risk of failure)
Press: ? - help, Dir - move target, f/p - Eustachio
Aim: Eustachio, wielding a +0 rapier and wearing a +0 leather armour (chance to affect: 67%) Eustachio struggles to resist.
Casting: Inner Flame (dangerous; 12% risk of failure)
Confirm with . or Enter, or press ? or * to list all spells.
Aiming: Inner Flame (dangerous; 12% risk of failure)
Press: ? - help, Dir - move target, f/p - Eustachio
Aim: Eustachio, wielding a +0 rapier and wearing a +0 leather armour (chance to affect: 67%) Eustachio struggles to resist.
The bat closely misses you.
Eustachio casts a spell.
Fire: a) +1 sling
Press: ? - help, Q - select action, (/) - cycle Shift-Dir - straight line, f/p - Eustachio
Aim: Eustachio, wielding a +0 rapier and wearing a +0 leather armour (51% to hit)
You shoot a sling bullet.
The sling bullet closely misses the bat.
The sling bullet closely misses Eustachio.
The sling bullet hits the quokka.
The quokka is heavily wounded.
The bat barely misses you. The bat misses you.
Eustachio gestures wildly while chanting.
Eustachio blinks!
Fire: a) +1 sling
Press: ? - help, Q - select action, (/) - cycle Shift-Dir - straight line, f - bat
Aim: a bat (summoned, 48% to hit)
You shoot a sling bullet. The sling bullet hits the bat!
You kill the bat!
The bat's corpse disappears in a puff of smoke!
Fire: a) +1 sling
Press: ? - help, Q - select action, (/) - cycle Shift-Dir - straight line, f - you Really target yourself? [Y]es or [N]o only, please.
Really target yourself?
Okay, then.
Fire: a) +1 sling
Press: ? - help, Q - select action, (/) - cycle Shift-Dir - straight line You shoot a sling bullet.
Casting: Inner Flame (dangerous; 12% risk of failure)
Confirm with . or Enter, or press ? or * to list all spells.
Aiming: Slow (safe; 1% risk of failure)
Press: ? - help, Shift-Dir - straight line, f - quokka
Aim: a quokka (moderately wounded, summoned, chance to affect: 73%)
Okay, then.
Casting: Slow (safe; 1% risk of failure)
Confirm with . or Enter, or press ? or * to list all spells.
You don't have enough magic to cast this spell.
Unknown command.
Casting: Slow (safe; 1% risk of failure)
Confirm with . or Enter, or press ? or * to list all spells.
You don't have enough magic to cast this spell.
Fire: a) +1 sling
Press: ? - help, Q - select action, (/) - cycle Shift-Dir - straight line, f - quokka
Aim: a quokka (moderately wounded, summoned, 51% to hit)
You shoot a sling bullet.
The sling bullet barely misses the quokka.
The sling bullet barely misses Eustachio.
Fire: a) +1 sling
Press: ? - help, Q - select action, (/) - cycle Shift-Dir - straight line, f/p - quokka
Aim: a quokka (moderately wounded, summoned, 51% to hit)
You shoot a sling bullet. The sling bullet hits the quokka.
The quokka is severely wounded.
Fire: a) +1 sling
Press: ? - help, Q - select action, (/) - cycle Shift-Dir - straight line, f/p - quokka
Aim: a quokka (severely wounded, summoned, 51% to hit)
You shoot a sling bullet. The sling bullet hits the quokka.
You kill the quokka!
The quokka's corpse disappears in a puff of smoke!
Eustachio gestures wildly while chanting.
Casting: Slow (safe; 1% risk of failure)
Confirm with . or Enter, or press ? or * to list all spells.
Aiming: Inner Flame (dangerous; 12% risk of failure)
Press: ? - help, Dir - move target, f - Eustachio
Aim: Eustachio, wielding a +0 rapier and wearing a +0 leather armour (chance to affect: 67%) Eustachio is filled with an inner flame.
* * * LOW MAGIC WARNING * * *
Eustachio gestures wildly while chanting.
Fire: a) +1 sling
Press: ? - help, Q - select action, (/) - cycle Shift-Dir - straight line, f/p - Eustachio
Aim: Eustachio, wielding a +0 rapier and wearing a +0 leather armour (inner flame, 51% to hit)
You shoot a sling bullet.
The sling bullet hits the rat but does no damage.
Eustachio mumbles some strange words.
Eustachio blinks!
Fire: a) +1 sling
Press: ? - help, Q - select action, (/) - cycle Shift-Dir - straight line, f/p - Eustachio
Aim: Eustachio, wielding a +0 rapier and wearing a +0 leather armour (inner flame, 51% to hit)
You shoot a sling bullet. The sling bullet barely misses the rat.
The sling bullet hits the quokka but does no damage.
The rat closely misses you.
Fire: a) +1 sling
Press: ? - help, Q - select action, (/) - cycle Shift-Dir - straight line, f/p - Eustachio
Aim: Eustachio, wielding a +0 rapier and wearing a +0 leather armour (inner flame, 51% to hit)
You shoot a sling bullet. The sling bullet hits the rat.
You kill the rat!
The rat's corpse disappears in a puff of smoke!
Eustachio says, "My allies will avenge me."
Fire: a) +1 sling
Press: ? - help, Q - select action, (/) - cycle Shift-Dir - straight line, f/p - Eustachio
Aim: Eustachio, wielding a +0 rapier and wearing a +0 leather armour (inner flame, 51% to hit)
You shoot a sling bullet.
The sling bullet barely misses the quokka.
The sling bullet hits the bat but does no damage.
The quokka completely misses you.
Fire: a) +1 sling
Press: ? - help, Q - select action, (/) - cycle Shift-Dir - straight line, f/p - Eustachio
Aim: Eustachio, wielding a +0 rapier and wearing a +0 leather armour (inner flame, 51% to hit)
You shoot a sling bullet.
The sling bullet closely misses the quokka.
The sling bullet hits the bat!
You kill the bat!
The bat's corpse disappears in a puff of smoke!
The quokka closely misses you. x2
Fire: a) +1 sling
Press: ? - help, Q - select action, (/) - cycle Shift-Dir - straight line, f/p - Eustachio
Aim: Eustachio, wielding a +0 rapier and wearing a +0 leather armour (inner flame, 51% to hit)
You shoot a sling bullet. The sling bullet hits the quokka.
The quokka is moderately wounded.
Eustachio says, "Summoning is fun!"
The quokka bites you but does no damage.
Fire: a) +1 sling
Press: ? - help, Q - select action, (/) - cycle Shift-Dir - straight line, f/p - Eustachio
Aim: Eustachio, wielding a +0 rapier and wearing a +0 leather armour (inner flame, 51% to hit)
You shoot a sling bullet.
The sling bullet closely misses the quokka.
The sling bullet hits the crimson imp but does no damage.
The quokka bites you but does no damage.
The quokka misses you.
You climb upwards.
There is a stone staircase leading down here.
Magic restored.
Done exploring.
There is a stone staircase leading down here.
You climb downwards.
Level annotation: Eustachio
Found an escape hatch in the floor.
There is a stone staircase leading up here.
There is a stone staircase leading up here.
An iguana comes into view.
An iguana is nearby!
An iguana is nearby!
You shoot a sling bullet. The sling bullet hits the iguana.
The iguana hisses angrily.
The iguana is lightly wounded.
You shoot a sling bullet. The sling bullet hits the iguana.
The iguana is lightly wounded.
You shoot a sling bullet.
The sling bullet barely misses the iguana.
You shoot a sling bullet. The sling bullet hits the iguana!
The iguana is heavily wounded.
Casting: Inner Flame (dangerous; 12% risk of failure)
Confirm with . or Enter, or press ? or * to list all spells.
Aiming: Inner Flame (dangerous; 12% risk of failure)
Press: ? - help, Dir - move target, f/p - iguana
Aim: an iguana (heavily wounded, chance to affect: 75%)
The iguana is filled with an inner flame.
You shoot a sling bullet.
The sling bullet hits the iguana but does no damage.
The iguana is heavily wounded.
The iguana bites you but does no damage.
There is a stone staircase leading up here.
You shoot a sling bullet. The sling bullet hits the iguana.
Flame seeps out of the iguana.
The iguana is severely wounded.
The iguana is engulfed in blazing flames.
The iguana explodes!
Your Hexes skill increases to level 9!
No target in view!
Unknown command.
An iguana comes into view.
An iguana is nearby!
An iguana is nearby!
Casting: Inner Flame (dangerous; 11% risk of failure)
Confirm with . or Enter, or press ? or * to list all spells.
Aiming: Inner Flame (dangerous; 11% risk of failure)
Press: ? - help, Dir - move target, f - iguana
Aim: an iguana (wandering, hasn't noticed you, chance to affect: 75%)
The iguana hisses angrily.
The iguana struggles to resist.
You shoot a sling bullet.
The sling bullet closely misses the iguana.
You shoot a sling bullet. The sling bullet hits the iguana.
The iguana is moderately wounded.
The iguana misses you.
You climb upwards.
There is a stone staircase leading down here.
Casting: Inner Flame (dangerous; 11% risk of failure)
Confirm with . or Enter, or press ? or * to list all spells.
You don't know that spell.
You shoot a sling bullet.
The sling bullet hits the iguana but does no damage.
The iguana is moderately wounded.
The iguana completely misses you.
You shoot a sling bullet.
The sling bullet completely misses the iguana.
The iguana closely misses you.
You shoot a sling bullet.
The sling bullet hits the iguana but does no damage.
The iguana is moderately wounded.
The iguana bites you but does no damage.
You shoot a sling bullet.
The sling bullet closely misses the iguana.
The iguana bites you.
You shoot a sling bullet. The sling bullet hits the iguana.
The iguana is heavily wounded.
The iguana completely misses you.
You shoot a sling bullet.
The sling bullet hits the iguana but does no damage.
The iguana is heavily wounded.
The iguana closely misses you.
You shoot a sling bullet.
The sling bullet hits the iguana but does no damage.
The iguana is heavily wounded.
The iguana hisses menacingly.
The iguana closely misses you.
You shoot a sling bullet.
The sling bullet closely misses the iguana.
The iguana bites you! The iguana closely misses you.
You shoot a sling bullet.
The sling bullet hits the iguana but does no damage.
The iguana is heavily wounded.
The iguana misses you.
You shoot a sling bullet.
The sling bullet completely misses the iguana.
The iguana barely misses you.
You shoot a sling bullet.
The sling bullet hits the iguana but does no damage.
The iguana is heavily wounded.
The iguana closely misses you.
You shoot a sling bullet. The sling bullet hits the iguana!
You kill the iguana!
No target in view!
No target in view!
No target in view!
No target in view!
No target in view!
No target in view!
No target in view!
Magic restored.
HP restored.
Done exploring.
Done exploring.
You climb downwards.
Level annotation: Eustachio
There is a stone staircase leading up here.
Found a scale mail.
You see here a +0 scale mail.
You now have 364 gold pieces (gained 19).
A black bear comes into view.
A black bear is nearby!
You shoot a sling bullet.
The sling bullet hits the black bear but does no damage.
The black bear growls angrily.
Casting: Inner Flame (dangerous; 11% risk of failure)
Confirm with . or Enter, or press ? or * to list all spells.
Aiming: Inner Flame (dangerous; 11% risk of failure)
Press: ? - help, Dir - move target, f/p - black bear
Aim: a black bear (chance to affect: 67%)
The black bear is filled with an inner flame.
A lemure comes into view.
You shoot a sling bullet.
The sling bullet barely misses the lemure.
The lemure shouts!
You hear a shout! x2
A lemure comes into view.
The lemure shouts!
Casting: Inner Flame (dangerous; 11% risk of failure)
Confirm with . or Enter, or press ? or * to list all spells.
Aiming: Inner Flame (dangerous; 11% risk of failure)
Press: ? - help, Dir - move target, f/p - lemure
Aim: a lemure (chance to affect: 67%)
The lemure struggles to resist.
Fire: a) +1 sling
Press: ? - help, Q - select action, (/) - cycle Shift-Dir - straight line, f/p - lemure
Aim: a lemure (55% to hit)
You shoot a sling bullet.
The sling bullet closely misses the lemure.
Casting: Inner Flame (dangerous; 11% risk of failure)
Confirm with . or Enter, or press ? or * to list all spells.
Aiming: Inner Flame (dangerous; 11% risk of failure)
Press: ? - help, Dir - move target, f/p - lemure
Aim: a lemure (chance to affect: 67%)
The lemure is filled with an inner flame.
Fire: a) +1 sling
Press: ? - help, Q - select action, (/) - cycle Shift-Dir - straight line, f - you Really target yourself? [Y]es or [N]o only, please.
Really target yourself?
Okay, then.
Fire: a) +1 sling
Press: ? - help, Q - select action, (/) - cycle Shift-Dir - straight line, f - lemure
Aim: a lemure (inner flame, 55% to hit)
You shoot a sling bullet. The sling bullet hits the lemure.
Flame seeps out of the lemure.
The lemure is lightly wounded.
The lemure is engulfed in blazing flames.
Flame seeps out of the lemure.
Fire: a) +1 sling
Press: ? - help, Q - select action, (/) - cycle Shift-Dir - straight line, f/p - lemure
Aim: a lemure (heavily wounded, inner flame, 55% to hit)
You shoot a sling bullet.
The sling bullet closely misses the lemure.
Fire: a) +1 sling
Press: ? - help, Q - select action, (/) - cycle Shift-Dir - straight line, f/p - lemure
Aim: a lemure (heavily wounded, inner flame, 55% to hit)
You shoot a sling bullet.
The sling bullet barely misses the lemure.
Fire: a) +1 sling
Press: ? - help, Q - select action, (/) - cycle Shift-Dir - straight line, f/p - lemure
Aim: a lemure (heavily wounded, inner flame, 55% to hit)
You shoot a sling bullet.
The sling bullet closely misses the lemure.
You see here a +0 scale mail.
Fire: a) +1 sling
Press: ? - help, Q - select action, (/) - cycle Shift-Dir - straight line, f/p - lemure
Aim: a lemure (heavily wounded, inner flame, 55% to hit)
You shoot a sling bullet.
The sling bullet barely misses the lemure.
Fire: a) +1 sling
Press: ? - help, Q - select action, (/) - cycle Shift-Dir - straight line, f/p - lemure
Aim: a lemure (heavily wounded, inner flame, 55% to hit)
You shoot a sling bullet. The sling bullet hits the lemure.
Flame seeps out of the lemure.
The lemure is heavily wounded.
The lemure is engulfed in blazing flames.
That felt strangely unrewarding.
The lemure explodes!
The fiery explosion engulfs you!!!
Ouch! That really hurt!
You die...

#.#####........###.#
##.##.
#.##.........#....#
#.#.§.
#.........##...#.#
#....
#..#.####.######.#
#....
#..#.............#
#....
#..#.####.######.#
#.... ......###.# #.#
#....
.#...#.....######.####
#.#.#
........###.....@§....#
#.###. . .....##
#.#####○§##.# ...#.#
#.# #§§##.######.#...
#.# #..........._..[.
#.# #.###.###h.#.#...
#.# #.# #.# #........
#.# #.# #.# #.......#
..# ..# #.# #..5...##
... ..# #.......#


There were no monsters in sight!

Vanquished Creatures
  Grinder (D:3)
  Sigmund (D:4)
  An ice beast (D:5)
  An ogre (D:4)
  A lemure (D:6)
  A phantom (D:5)
  A howler monkey (D:4)
  2 jellies
  A hound (D:5)
  7 iguanas
  3 orc wizards (D:5)
  4 gnolls
  5 adders
  2 white imps (D:5)
  An ufetubus (D:5)
  A worm (D:2)
  A dart slug (D:1)
  9 orcs
  6 endoplasms
  4 giant cockroaches
  2 goblins (D:2)
  6 hobgoblins
  4 jackals (D:4)
  3 quokkas
  6 ball pythons
  6 bats
  4 frilled lizards
  7 kobolds
  4 rats
95 creatures vanquished.

Notes
Turn   | Place    | Note
-------+----------+-------------------------------------------
     0 | D:1      | sleeves the Spriggan Hexslinger began the quest for the
                  | Orb.
     0 | D:1      | Reached XP level 1. HP: 9/9 MP: 3/3
   128 | D:1      | Reached skill level 4 in Hexes
   130 | D:1      | Reached XP level 2. HP: 13/14 MP: 5/5
   914 | D:2      | Found a faded altar of an unknown god.
   970 | D:2      | Reached XP level 3. HP: 17/17 MP: 6/6
  1005 | D:2      | Reached skill level 3 in Ranged Weapons
  1132 | D:2      | Found a bloodstained altar of Trog.
  1156 | D:2      | Found Hibest's Weapon Emporium.
  1218 | D:2      | Reached XP level 4. HP: 16/21 MP: 7/7
  1234 | D:2      | Reached skill level 5 in Hexes
  1590 | D:3      | Found a shadowy altar of Dithmenos.
  1734 | D:3      | Found Limnocy's Antique Weapon Emporium.
  1778 | D:3      | Noticed Grinder
  1798 | D:3      | Paralysed by Grinder for 2 turns
  1832 | D:3      | Paralysed by Grinder for 4 turns
  1866 | D:3      | Paralysed by Grinder for 4 turns
  1876 | D:3      | Paralysed by Grinder for 5 turns
  1886 | D:3      | Killed Grinder
  1887 | D:3      | Reached skill level 4 in Ranged Weapons
  1887 | D:3      | Reached skill level 6 in Hexes
  1887 | D:3      | Reached XP level 5. HP: 25/25 MP: 6/8
  1914 | D:3      | Reached XP level 6. HP: 29/29 MP: 9/9
  2759 | D:4      | Reached skill level 5 in Ranged Weapons
  2815 | D:4      | Found an ancient bone altar of Kikubaaqudgha.
  3028 | D:4      | Noticed Sigmund
  3052 | D:4      | HP: 10/29 [Sigmund/puff of flame (8)]
  3054 | D:4      | Killed Sigmund
  3055 | D:4      | Reached skill level 7 in Hexes
  3055 | D:4      | Reached XP level 7. HP: 12/32 MP: 10/10
  3424 | D:5      | Entered Level 5 of the Dungeon
  3431 | D:5      | Reached skill level 6 in Ranged Weapons
  3700 | D:5      | Reached skill level 8 in Hexes
  4106 | D:5      | Found a hide-covered altar of Uskayaw.
  4142 | D:5      | Reached XP level 8. HP: 37/37 MP: 11/11
  4247 | D:5      | Learned a level 4 spell: Cause Fear
  4251 | D:5      | Learned a level 3 spell: Inner Flame
  4368 | D:5      | Reached skill level 7 in Ranged Weapons
  4511 | D:6      | Found a broken altar of Ashenzari.
  4516 | D:6      | Noticed Eustachio
  4713 | D:6      | Reached skill level 9 in Hexes
  4841 | D:6      | Killed by an exploding lemure... ignited by their inner
                  | flame

Illustrated notes

Levels and vault maps discovered:
D:1:      tarquinn_simple_flora_water_b, layout_basic
D:2:      layout_rooms, basic_ecumenical_altar, serial_shops,
          nicolae_shop_trees, basic_altar, dreamdust_wishing_well,
          minmay_misc_feat_iff
D:3:      layout_basic, nicolae_dithmenos_the_darkroom, serial_shops,
          nicolae_shop_behind_doors, uniq_grinder
D:4:      layout_gridville, kiku_gazebo_pond_becter, uniq_sigmund
D:5:      layout_loops_ring, lemuel_crystal_altar
D:6:      layout_loops_ring, ashenzari_altar_1, kennysheep_little_box,
          marbit_many_paths, mainiacjoe_overflow_small_starburst,
          uniq_eustachio, uniq_prince_ribbit1, uniq_pikel

Skill      XL: |  1  2  3  4  5  6  7  8 |
---------------+-------------------------+-----
Hexes          | 4 6 7 8 9 |  9.0
Ranged Weapons | 3 4 5 6 7 |  7.1
Fighting       | |  0.7
Dodging        | |  2.6
Spellcasting   | |  1.3

Action                   |  1- 3 |  4- 6 |  7- 9 || total
-------------------------+-------+-------+-------++-------
Melee: Dagger            |     2 |       |       ||     2
 Fire: Sling             |   101 |   150 |   207 ||   458
 Cast: Slow              |       |    11 |    20 ||    31
       Inner Flame       |       |       |    10 ||    10
Armor: Robe              |    12 |     7 |     8 ||    27
Dodge: Dodged            |    31 |    50 |    38 ||   119

Table legend: (Time is in decaauts)
 A = Elapsed time spent in this place.
 B = Non-inter-level travel time spent in this place.
 C = Inter-level travel time spent in this place.
 D = Time resting spent in this place.
 E = Time spent auto-exploring this place.
 F = Levels seen in this place.
 G = Mean time per level.
                   A        B        C        D        E       F      G
               +--------+--------+--------+--------+--------+-----+--------+
         Total |   3394 |   3237 |    157 |      0 |   2275 |   6 |  565.7 |
       Dungeon |   3394 |   3237 |    157 |      0 |   2275 |   6 |  565.7 |
               +--------+--------+--------+--------+--------+-----+--------+

Top non-repeatable levels by time:
     D:5: 834 daAuts
     D:4: 736 daAuts
     D:1: 632 daAuts
     D:3: 606 daAuts
     D:2: 431 daAuts
     D:6: 154 daAuts
